 Dungeon Crawl Stone Soup version 0.27-a0-1144-g0b7d3b79db (webtiles) character file.

Game seed: 1614161917085825604

52764 HoaS the Cruncher (level 14, -5/94 HPs)
             Began as a Tengu Gladiator on May 10, 2021.
             Was a High Priest of Makhleb.
             Slain by an orc warrior
             ... wielding a +0 scimitar
              (16 damage)
             ... on level 1 of the Orcish Mines.
             The game lasted 01:13:25 (22918 turns).

HoaS the Cruncher (Tengu Gladiator)                Turns: 22918, Time: 01:13:25

Health: -5/94      AC: 19    Str: 18    XL:     14   Next: 65%
Magic:  15/15      EV: 21    Int: 10    God:    Makhleb [*****.]
Gold:   1136       SH:  0    Dex: 16    Spells: 13/13 levels left

rFire    . . .     SeeInvis .   a - +3 quarterstaff (freeze)
rCold    + . .     Faith    .   (shield currently unavailable)
rNeg     . . .     Spirit   .   G - +0 steam dragon scales
rPois    .         Reflect  .   c - +2 hat
rElec    .         Harm     .   u - +1 cloak {Stlth+}
rCorr    .         Rampage  .   H - +1 pair of gloves
Will     +....                  (boots unavailable)
Stlth    ++........             (no amulet)
HPRegen  0.25/turn              E - +4 ring of protection
MPRegen  0.14/turn              w - ring of protection from cold

@: confused, ambrosia-drunk, flying quickly and evasively, studying Armour,
quick
A: beak, talons 3, nimble flight
a: Renounce Religion, Minor Destruction, Lesser Servant of Makhleb, Major
Destruction, Greater Servant of Makhleb


You were on level 1 of the Orcish Mines.
You worshipped Makhleb.
Makhleb was extremely pleased with you.
You visited 3 branches of the dungeon, and saw 19 of its levels.

You collected 1520 gold pieces.
You spent 384 gold pieces at shops.

Inventory:

Hand Weapons
 a - a +3 quarterstaff of freezing (weapon)
Missiles
 d - 2 throwing nets
 e - 72 poisoned darts
 j - 27 boomerangs (quivered)
 r - 7 curare-tipped darts
Armour
 c - a +2 hat (worn)
 m - the +1 scale mail of Lugonu's Reproof {Will++ Str-3 Slay+5}
   (You found it on level 5 of the Dungeon)

   It affects your strength (-3).
   It affects your accuracy and damage with ranged weapons and melee attacks
   (+5).
   It greatly increases your willpower.
 u - a +1 cloak of stealth (worn)
 G - +0 steam dragon scales (worn)
 H - a +1 pair of gloves (worn)
Jewellery
 n - a ring of see invisible
 w - a ring of protection from cold (right hand)
 C - a ring of fire
 E - a +4 ring of protection (left hand)
Wands
 f - a wand of charming (10)
 h - a wand of mindburst (25)
 p - a wand of polymorph (3)
 q - a wand of digging (8)
 s - a wand of flame (70)
 x - a wand of iceblast (11)
 B - a wand of paralysis (4)
Scrolls
 v - 2 scrolls of blinking
 y - a scroll of silence
 z - 2 scrolls of magic mapping
Potions
 b - 3 potions of attraction
 g - 2 potions of curing
 i - 2 potions of lignification
 k - a potion of resistance {unknown}
 l - a potion of ambrosia
 o - 2 potions of cancellation
 t - 2 potions of invisibility
 A - a potion of magic {unknown}
 F - 2 potions of mutation


   Skills:
 * Level 13.3 Fighting
 - Level 14.0 Staves
 * Level 11.2 Throwing
 + Level 12.7 Armour
 + Level 10.7 Dodging


You had 13 spell levels left.
You didn't know any spells.
Your spell library contained the following spells:

 Spells                   Type           Power      Damage    Failure   Level
 Magic Dart               Conj           0%         1d3       36%         1
 Sandblast                Erth           0%         2d4       36%         1
 Blink                    Tloc           N/A        N/A       50%         2
 Passwall                 Tmut/Erth      0%         N/A       50%         2
 Searing Ray              Conj           0%         3d3       50%         2
 Confusing Touch          Hex            0%         N/A       75%         3
 Dazzling Flash           Conj/Hex       0%         N/A       75%         3
 Gell's Gravitas          Tloc           0%         N/A       75%         3
 Lesser Beckoning         Tloc           0%         N/A       75%         3
 Stone Arrow              Conj/Erth      0%         3d7       75%         3
 Teleport Other           Tloc           0%         N/A       75%         3
 Fulminant Prism          Conj/Hex       0%         3d6       98%         4
 Iskenderun's Mystic Bla  Conj/Tloc      0%         2d3       98%         4
 Petrify                  Tmut/Erth      0%         N/A       98%         4
 Irradiate                Conj/Tmut      0%         3d14      100%        5
 Lee's Rapid Deconstruct  Erth           0%         3d5*      100%        5
 Manifold Assault         Tloc           0%         N/A       100%        5
 Metabolic Englaciation   Hex/Ice        0%         N/A       100%        5
 Yara's Violent Unravell  Hex/Tmut       0%         3d3       100%        5
 Blade Hands              Tmut           0%         N/A       100%        6
 Statue Form              Tmut/Erth      0%         N/A       100%        6
 Dragon Form              Tmut           0%         N/A       100%        7


Dungeon Overview and Level Annotations

Branches:
Dungeon (11/15)            Temple (0/1) D:7            Lair (6/6) D:11
 Shoals (0/4) Lair:4        Snake (0/4) Lair:4        Slime (0/5) Lair:5
    Orc (2/2) D:10
    Elf: Orc:2

Altars:
Makhleb
Qazlal
Ru
Sif Muna
Uskayaw
Yredelemnul
Jiyva

Shops:
D:1 ?   D:3 [   D:6 [   D:10 ::

Portals:
Abyss: Lair:5

Annotations:
Lair:3 exclusion: 2 oklob plants
Lair:5 1 runed translucent door, 2 transporters


Innate Abilities, Weirdness & Mutations

You have a beak for a mouth.
You have claws for feet.
Your magical nature lets you fly swiftly and evasively.


Message History

The orc warrior is almost dead.
The orc warrior misses you. The orc warrior closely misses you.
You hit the orc warrior but do no damage.
Your kick misses the orc warrior.
The orc warrior is almost dead.
The orc warrior completely misses you. The orc warrior barely misses you.
You sock the orc warrior! You freeze the orc warrior.
You kill the orc warrior!
Makhleb accepts your kill.
You feel better. The orc warrior closely misses you.
The orc warrior barely misses you. x2
You thump the orc warrior! You freeze the orc warrior.
Your kick misses the orc warrior.
The orc warrior is heavily wounded.
The orc warrior hits you with a +0 scimitar!
You hit the orc warrior but do no damage.
You claw the orc warrior. Your peck misses the orc warrior.
The orc warrior is severely wounded.
The orc warrior hits you with a +0 dire flail! x2
* * * LOW HITPOINT WARNING * * *
You are too injured to fight recklessly!
You are too injured to fight recklessly!
You sock the orc warrior! You freeze the orc warrior.
You kill the orc warrior!
Makhleb accepts your kill.
You feel better.
The orc warrior hits you with a +0 scimitar!
* * * LOW HITPOINT WARNING * * *
You feel better. The orc warrior completely misses you.
The orc warrior misses you.
You hit the orc warrior. You freeze the orc warrior.
You peck the orc warrior, but do no damage.
The orc warrior is lightly wounded.
The orc warrior hits you with a +0 dire flail!
* * * LOW HITPOINT WARNING * * *
Okay, then.
You are confused.
You feel invigorated.
The orc warrior hits you with a +0 scimitar!
You die...

###.##.#.................###....
##.......................## ##..#
......#....#............#####.#.#
.....#...................##......
....#...................##.......
.....#.........[............)...#
....#............[..#.........###
#.............[).o.#...........##
##.##..........<@o..#.....#.....#
####..........)[........#.......
##..............................
#.....................#.#.......
##.##.#..............####....#..
#####................##....###.
##.#............#.#.....###
###..........>....#.#.## #
#........#...##.######


You could see 2 orc warriors.

Vanquished Creatures
  A fire dragon (Lair:6)
  The ghost of Mesmaeker13 the Nimble, a journeyman KoHu of Nemelex Xobeh (Lair:6)
  A boulder beetle (Lair:2)
  Harold (D:7)
  An ice dragon (Lair:6)
  10 hydras
  A catoblepas (Lair:2)
  A two-headed ogre (D:10)
  8 death yaks (Lair:6)
  The ghost of PanSaczeczos the Destroyer, a journeyman TeFE of Gozag (Lair:1)
  Sonja (Lair:5)
  A swamp dragon (Lair:6)
  An orc knight (D:10)
  A manticore (Lair:4)
  A cyclops (D:11)
  8 elephants
  3 black mambas
  A torpor snail (Lair:6)
  4 centaur zombies
  14 cane toads
  Joseph (D:7)
  A gargoyle (D:11)
  7 rime drakes
  5 komodo dragons
  A wind drake (Lair:4)
  A troll (D:9)
  9 polar bears
  Prince Ribbit (D:7)
  9 blink frogs
  A shadow (D:10)
  45 yaks
  A wyvern (D:6)
  6 basilisks
  Menkaure (D:7)
  4 steam dragons
  A warg (D:10)
  4 acid dragons
  3 nagas (Lair:4)
  9 water moccasins
  5 orc warriors (Orc:1)
  2 swamp drakes (Lair:6)
  A sky beast (D:8)
  3 black bears
  3 ogres
  19 wolves
  2 centaurs (D:8)
  3 kobold brigands
  4 phantoms
  9 bullfrogs
  A wyvern zombie (D:6)
  A scorpion (D:5)
  A gnoll sergeant (D:8)
  A water moccasin zombie (D:7)
  A wyvern skeleton (D:7)
  3 troll zombies (D:10)
  10 killer bees
  4 wights (D:7)
  An electric eel (Lair:1)
  2 howler monkeys
  5 hounds
  A jelly (D:5)
  2 bullfrog skeletons
  A centaur skeleton (D:6)
  9 orc priests
  2 iguanas
  17 orc wizards
  2 killer bee zombies
  3 ogre zombies (D:10)
  A howler monkey zombie (D:6)
  4 gnolls (D:8)
  9 adders
  A howler monkey skeleton (D:7)
  An ufetubus (D:5)
  4 dart slugs
  39 orcs
  8 ball pythons
  9 endoplasms
  2 giant cockroaches
  13 goblins
  2 hobgoblins
  10 jackals
  3 quokkas
  11 bats
  5 frilled lizards
  2 goblin skeletons (D:10)
  2 goblin zombies (D:10)
  A hobgoblin skeleton (D:10)
  4 hobgoblin zombies (D:10)
  20 kobolds
  2 orc skeletons (D:10)
  8 orc zombies (D:10)
  6 rats
456 creatures vanquished.

Vanquished Creatures (others)
  A bush (Lair:6)
  30 fungi
  50 plants
81 creatures vanquished.

Grand Total: 537 creatures vanquished

Notes
Turn   | Place    | Note
-------+----------+-------------------------------------------
     0 | D:1      | HoaS the Tengu Gladiator began the quest for the Orb.
     0 | D:1      | Reached XP level 1. HP: 12/12 MP: 2/2
    82 | D:1      | Found Lafu's Magic Scroll Shop.
   107 | D:1      | Reached XP level 2. HP: 11/17 MP: 3/3
   321 | D:1      | Reached skill level 4 in Staves
   702 | D:1      | Reached XP level 3. HP: 13/21 MP: 4/4
  1304 | D:2      | Reached skill level 5 in Staves
  1404 | D:2      | Reached XP level 4. HP: 8/26 MP: 5/5
  2166 | D:3      | Reached skill level 6 in Staves
  2209 | D:3      | Noticed a black bear
  2210 | D:3      | Gained mutation: Your magical nature lets you fly swiftly
                  | and evasively. [Tengu growth]
  2210 | D:3      | Reached XP level 5. HP: 30/30 MP: 6/6
  2226 | D:3      | Killed a black bear
  2227 | D:3      | Reached skill level 7 in Staves
  2467 | D:3      | Found Qirid's Armour Boutique.
  2523 | D:3      | Reached XP level 6. HP: 35/35 MP: 7/7
  2845 | D:3      | Found a faded altar of an unknown god.
  3262 | D:4      | Reached skill level 8 in Staves
  3495 | D:4      | Reached XP level 7. HP: 40/40 MP: 8/8
  3552 | D:4      | Noticed a fire elemental
  3553 | D:4      | Found a stormy altar of Qazlal.
  3555 | D:4      | Noticed an air elemental
  3556 | D:4      | Noticed a water elemental
  3806 | D:5      | Entered Level 5 of the Dungeon
  3842 | D:5      | Reached skill level 9 in Staves
  3860 | D:5      | Identified the +1 scale mail of Lugonu's Reproof {Will++
                  | Str-3 Slay+5}
  4088 | D:5      | Found a shimmering blue altar of Sif Muna.
  4213 | D:5      | Found a sacrificial altar of Ru.
  4213 | D:5      | Found a burning altar of Makhleb.
  4216 | D:5      | Became a worshipper of Makhleb the Destroyer
  4634 | D:6      | Reached skill level 10 in Staves
  4710 | D:6      | Reached XP level 8. HP: 39/44 MP: 9/9
  4777 | D:6      | Found Vulipt's Antique Armour Emporium.
  5029 | D:6      | Reached skill level 11 in Staves
  5289 | D:6      | Noticed a wyvern
  5300 | D:6      | Killed a wyvern
  5571 | D:7      | Noticed Menkaure
  5584 | D:7      | Killed Menkaure
  5628 | D:7      | Reached * piety under Makhleb
  5631 | D:7      | Reached skill level 12 in Staves
  5662 | D:7      | Noticed Harold
  5681 | D:7      | Killed Harold
  5682 | D:7      | Reached skill level 13 in Staves
  5682 | D:7      | Reached XP level 9. HP: 35/48 MP: 10/10
  5768 | D:7      | Noticed Joseph
  5786 | D:7      | Killed Joseph
  5937 | D:7      | Reached skill level 14 in Staves
  5940 | D:7      | Found a staircase to the Ecumenical Temple.
  5960 | D:7      | Reached skill level 1 in Armour
  6209 | D:7      | Noticed Prince Ribbit
  6224 | D:7      | Killed Prince Ribbit
  6225 | D:7      | Reached XP level 10. HP: 56/56 MP: 11/11
  6560 | D:8      | Reached ** piety under Makhleb
  6728 | D:8      | Reached skill level 5 in Fighting
  7948 | D:9      | Reached skill level 5 in Armour
  7948 | D:9      | Reached skill level 5 in Dodging
  8626 | D:10     | Entered Level 10 of the Dungeon
  8899 | D:10     | Found Suofi's Book Emporium.
  8932 | D:10     | Reached XP level 11. HP: 67/67 MP: 12/12
  8946 | D:10     | Found a staircase to the Orcish Mines.
  8960 | D:10     | Reached *** piety under Makhleb
  9092 | D:10     | Found Igrad Umia's Book Emporium.
  9609 | D:10     | Noticed a two-headed ogre
  9619 | D:10     | Killed a two-headed ogre
  9851 | D:11     | Found a basalt altar of Yredelemnul.
 10143 | D:11     | Noticed a cyclops
 10159 | D:11     | Killed a cyclops
 10251 | D:11     | Found a staircase to the Lair.
 10360 | D:11     | Noticed a six-headed hydra
 10464 | Lair:1   | Entered Level 1 of the Lair of Beasts
 10701 | Lair:1   | Noticed a five-headed hydra
 10741 | Lair:1   | Killed a five-headed hydra
 10749 | Lair:1   | You are sucked into a shaft and drop 1 floor!
 10749 | Lair:2   | Noticed a four-headed hydra
 10843 | Lair:1   | Found a runed translucent door.
 11016 | Lair:1   | Reached **** piety under Makhleb
 11034 | Lair:1   | Reached XP level 12. HP: 68/76 MP: 13/13
 11039 | Lair:1   | Reached skill level 5 in Throwing
 11260 | Lair:1   | Identified a scroll of acquirement
 11260 | Lair:1   | Acquired a manual of Armour
 11597 | Lair:1   | Noticed PanSaczeczos's ghost (journeyman TeFE)
 11618 | Lair:1   | Killed a four-headed hydra
 11619 | Lair:1   | Reached skill level 10 in Fighting
 12111 | Lair:2   | Noticed a catoblepas
 12187 | Lair:2   | Killed a catoblepas
 12808 | Lair:2   | Noticed a boulder beetle
 12838 | Lair:2   | Killed a boulder beetle
 13552 | Lair:3   | Found the +2 hat of the Bear Spirit {Spirit, +Rage rN+
                  | Will++}
 13552 | Lair:3   | Noticed a six-headed hydra
 13583 | Lair:3   | Killed a six-headed hydra
 13823 | Lair:3   | Reached XP level 13. HP: 84/84 MP: 14/14
 14600 | D:11     | Reached skill level 10 in Armour
 14816 | D:1      | Bought a scroll of enchant weapon for 82 gold pieces
 14816 | D:1      | Bought a scroll of brand weapon for 220 gold pieces
 14816 | D:1      | Bought a scroll of enchant armour for 82 gold pieces
 15136 | Lair:4   | Reached ***** piety under Makhleb
 15756 | Lair:4   | Identified the +4 scale mail of Intercession {Harm Regen+}
 15814 | Lair:4   | Found a staircase to the Shoals.
 16279 | Lair:4   | Found a staircase to the Snake Pit.
 16930 | Lair:5   | Found a runed translucent door.
 16931 | Lair:5   | Found a viscous altar of Jiyva.
 16935 | Lair:5   | Found a staircase to the Slime Pits.
 16935 | Lair:5   | Noticed an acid blob
 16950 | Lair:5   | Found a hide-covered altar of Uskayaw.
 16981 | Lair:5   | Found a transporter.
 17010 | Lair:5   | Found a one-way gate to the infinite horrors of the Abyss.
 17017 | Lair:5   | Noticed a rakshasa
 17044 | Lair:5   | Found a transporter.
 17506 | Lair:5   | Noticed Sonja
 17514 | Lair:5   | Killed Sonja
 17936 | Lair:6   | Entered Level 6 of the Lair of Beasts
 18188 | Lair:6   | Reached skill level 10 in Throwing
 18188 | Lair:6   | Reached skill level 10 in Dodging
 18188 | Lair:6   | Reached XP level 14. HP: 60/92 MP: 15/15
 18994 | Lair:6   | Noticed Mesmaeker13's ghost (journeyman KoHu)
 18996 | Lair:6   | Found a runed translucent door.
 21613 | Lair:6   | Killed Mesmaeker13's ghost
 21866 | Lair:1   | Killed PanSaczeczos's ghost
 22461 | Orc:1    | Entered Level 1 of the Orcish Mines
 22888 | Orc:2    | Entered Level 2 of the Orcish Mines
 22891 | Orc:2    | Noticed an orc warlord
 22918 | Orc:1    | Slain by an orc warrior

Illustrated notes

Levels and vault maps discovered:
D:1:      ebering_trefoil_twist, layout_loops_corners, serial_shops, shop,
          roderic_st_hans_cross, minmay_misc_feat_tower, minmay_misc_feat_cross,
          minmay_hexomino_c4
D:2:      layout_rooms, feat_on_display
D:3:      layout_loops_cross, shapermc_ecumenical_altar_mp_vishouse,
          serial_shops, shop
D:4:      layout_gridville, nicolae_qazlal_style_of_elements
D:5:      layout_basic, gammafunk_temple_overflow_elements,
          nicolae_overflow_crystal_walls
D:6:      layout_loops_cross, serial_shops,
          nicolae_shop_temple_entry_statues_fountains, nicolae_sextant
D:7:      layout_gridville, minmay_temple_entry_gardened_gates, enter_bailey_5,
          uniq_prince_ribbit1, uniq_harold, uniq_menkaure, uniq_joseph
D:8:      layout_loops_corners
D:9:      layout_irregular_city, grunt_ministairs_13, minmay_misc_feat_columns
D:10:     layout_irregular_city, zombieorc1_lemuel, serial_shops, shop, shop,
          serial_co_window_serial, co_window_of_opportunity_a,
          co_window_paths_a, co_window_paths_a, co_window_paths_b,
          co_window_corner_a, co_window_corner_b, co_window_cross_2,
          co_window_corner_b, co_window_broadway_b, co_window_cross_3,
          glass_columns_a, glass_columns_b, glass_columns_c
D:11:     layout_gridville, lair_entry_dummy, moated_statue, corner_web_ring,
          yredelemnul_altar_generic
Lair:1:   layout_regular_city, ebering_ghost_reflecting_pool,
          serial_bayou_shore_a
Lair:2:   layout_cave_pods, nicolae_volcano_entry_lava_flow
Lair:3:   layout_cave_pods, minmay_lair_oklob_chamber, lemuel_fruit_fields,
          grunt_megastairs_2
Lair:4:   layout_cave_pods, minmay_shoals_entry_beasts,
          minmay_snake_entry_guardpost_small, minmay_lair_drake_nest
Lair:5:   layout_cave_shapes, slime_altar_2, gammafunk_ghost_abyssal_escape,
          basic_altar, beast_lair_carwin_11, uniq_sonja
Lair:6:   guppyfry_lair_end_dragon, layout_loops_ring,
          hellmonk_ghost_happy_afterlife,
          portal_ice_cave_entry_animals_and_master
Orc:1:    layout_caves, basic_altar
Orc:2:    grunt_orc_gardens, layout_diamond_mine, grunt_orc_garden,
          grunt_orc_garden, grunt_orc_garden, grunt_orc_garden

Skill      XL: |  1  2  3  4  5  6  7  8  9 10 11 12 13 14 |
---------------+-------------------------------------------+-----
Staves         | 4 5 6 7 8 10 13 14 | 14.0
Armour         | 3 5 7 9 11 12 | 12.7
Fighting       | 3 7 9 11 12 13 | 13.3
Dodging        | 5 7 8 10 | 10.7
Throwing       | 4 7 10 11 | 11.2

Action                   |  1- 3 |  4- 6 |  7- 9 | 10-12 | 13-15 || total
-------------------------+-------+-------+-------+-------+-------++-------
Melee: Quarterstaff      |    81 |   132 |   200 |   636 |   600 ||  1649
       Kick              |    12 |    28 |    56 |   230 |   201 ||   527
       Peck              |     2 |    19 |    42 |   131 |   128 ||   322
Throw: Dart              |       |     4 |    11 |    29 |    49 ||    93
       Boomerang         |       |       |     4 |    49 |    41 ||    94
       Throwing net      |       |       |     4 |     7 |       ||    11
  Use: Scroll            |     2 |     4 |     6 |     7 |    13 ||    32
       Potion            |       |       |     2 |     2 |    10 ||    14
 Stab: Held in net/web   |       |       |     6 |     4 |       ||    10
       Sleeping          |       |       |       |       |     3 ||     3
Armor: Leather armour    |    13 |       |       |       |       ||    13
       Ring mail         |     8 |    35 |    11 |       |       ||    54
       Scale mail        |       |       |    44 |   148 |    96 ||   288
       Steam dragon scal |       |       |       |       |    91 ||    91
Dodge: Dodged            |    43 |   102 |    97 |   305 |   441 ||   988

Table legend: (Time is in decaauts)
 A = Elapsed time spent in this place.
 B = Non-inter-level travel time spent in this place.
 C = Inter-level travel time spent in this place.
 D = Time resting spent in this place.
 E = Time spent auto-exploring this place.
 F = Levels seen in this place.
 G = Mean time per level.
                   A        B        C        D        E       F      G
               +--------+--------+--------+--------+--------+-----+--------+
         Total |  21200 |  19920 |   1280 |   7080 |   9543 |  19 | 1115.8 |
       Dungeon |  10721 |   9823 |    898 |   2654 |   5571 |  11 |  974.6 |
          Lair |  10258 |   9876 |    382 |   4425 |   3836 |   6 | 1709.7 |
  Orcish Mines |    220 |    220 |      0 |      0 |    135 |   2 |  110.0 |
               +--------+--------+--------+--------+--------+-----+--------+

Top non-repeatable levels by time:
  Lair:6: 2766 daAuts
  Lair:2: 1687 daAuts
  Lair:5: 1675 daAuts
  Lair:3: 1444 daAuts
    D:10: 1422 daAuts
     D:8: 1389 daAuts
  Lair:4: 1367 daAuts
  Lair:1: 1317 daAuts
     D:1: 1306 daAuts
     D:3: 990 daAuts
     D:6: 916 daAuts
     D:2: 894 daAuts
     D:7: 873 daAuts
     D:9: 849 daAuts
     D:5: 747 daAuts
